[Event "*** Titled Tuesday Blitz"]
[Site "Chess.com"]
[Date "2020.11.03"]
[Round "8"]
[White "Ashedu66"]
[Black "Rital44"]
[Result "0-1"]
[WhiteElo "2231"]
[BlackElo "2449"]
[TimeControl "180+1"]
[EndTime "11:30:05 PST"]
[Termination "Rital44 won on time"]

1. d4 e5 2. dxe5 Nc6 3. Nf3 Qe7 4. e4 Nxe5 5. Nc3 Nf6 6. Bf4 Ng6 7. Bg5 c6 8. Bd3 d6 9. h3 h6 10. Be3 Ne5 11. Be2 Be6 12. O-O g5 13. Nd4 Rg8 14. Nf5 Qd7 15. g4 h5 16. f3 O-O-O 17. Qd4 c5 18.
Qa4 Qxa4 19. Nxa4 d5 20. Nxc5 Bxf5 21. exf5 d4 22. f4 Nc6 23. Bc4 Bxc5 24. Bf2 gxf4 25. Bxf7 hxg4 26. Bxg8 Rxg8 27. hxg4 Nxg4 0-1

[Event "*** Titled Tuesday Blitz"]
[Site "Chess.com"]
[Date "2020.11.03"]
[Round "8"]
[White "doons21"]
[Black "andriipalchuk"]
[Result "1-0"]
[WhiteElo "2585"]
[BlackElo "2446"]
[TimeControl "180+1"]
[EndTime "11:30:07 PST"]
[Termination "doons21 won by checkmate"]

1. e4 c6 2. d4 d5 3. f3 Qb6 4. Nc3 dxe4 5. fxe4 e5 6. dxe5 Bc5 7.
Na4 Qb4+ 8. Nc3 Bxg1 9. Rxg1 Qc5 10. Rh1 Qxe5 11. Qf3 Nf6 12. Bf4 Qa5 13. e5 Nd5 14. Bd2 Nb4 15. Bc4 Qxe5+ 16. Kd1 O-O 17. Re1 Qd4 18.
Qxf7+ Rxf7 19. Re8# 1-0

[Event "*** Titled Tuesday Blitz"]
[Site "Chess.com"]
[Date "2020.11.03"]
[Round "8"]
[White "Mbneu"]
[Black "CarlssonLudvig"]
[Result "0-1"]
[WhiteElo "2206"]
[BlackElo "2420"]
[TimeControl "180+1"]
[EndTime "11:30:08 PST"]
[Termination "CarlssonLudvig won by resignation"]

1. d4 Nf6 2. c4 e6 3. Nc3 Bb4 4.
Bg5 h6 5. Bh4 c5 6. d5 exd5 7.
cxd5 d6 8. e3 O-O 9. Bd3 Nbd7 10. Nf3 Re8 11. O-O Ne5 12. Nxe5 Rxe5 13. e4 c4 14. Bc2 Qf8 15. Bxf6 gxf6 16. f4 Re7 17. Qh5 Qg7 18. Rf3 Bg4 19. Qxg4 Qxg4 20. Rg3 f5 21. exf5 Bc5+ 22. Kf1 Qxg3 23. hxg3 Rae8 24. g4 f6 25. g3 b5 26. Nxb5 Re2 27. Nc7 Rf2+ 0-1

[Event "*** Titled Tuesday Blitz"]
[Site "Chess.com"]
[Date "2020.11.03"]
[Round "8"]
[White "Keures"]
[Black "chenxiaoyuer"]
[Result "0-1"]
[WhiteElo "2320"]
[BlackElo "2501"]
[TimeControl "180+1"]
[EndTime "11:30:13 PST"]
[Termination "chenxiaoyuer won by resignation"]

1. d4 Nf6 2. c4 g6 3. Nc3 Bg7 4. e4 d6 5. Nf3 O-O 6. h3 e5 7.
d5 a5 8. g4 Na6 9. Be3 Nd7 10. h4 f5 11. gxf5 gxf5 12. exf5 Ndc5 13. Bh3 e4 14. Nd4 Nd3+ 15. Kd2 Nac5 16. Qh5 Nxb2 17. Rag1 Nxc4+ 18. Kc1 Nxe3 19. fxe3 Kh8 20. Rxg7 Kxg7 21. f6+ Qxf6 22. Rf1 Qg6 23. Qd1 Rxf1 0-1

[Event "*** Titled Tuesday Blitz"]
[Site "Chess.com"]
[Date "2020.11.03"]
[Round "8"]
[White "AlexSuv"]
[Black "orestn"]
[Result "1/2-1/2"]
[WhiteElo "2558"]
[BlackElo "2365"]
[TimeControl "180+1"]
[EndTime "11:30:16 PST"]
[Termination "Game drawn by repetition"]

1. d4 d5 2. c4 e6 3. Nc3 Nf6 4.
cxd5 exd5 5. Bg5 c6 6. e3 Bf5 7.
Qf3 Bg6 8. Bxf6 Qxf6 9. Qxf6 gxf6 10. g3 Nd7 11. Nge2 h5 12. h4 Bh6 13. Bh3 Nb6 14.
b3 Nc8 15. Nf4 Nd6 16. Nce2 Ke7 17. O-O a5 18. a4 Ne4 19. Rfd1 Rag8 20. Rab1 Nd6 21.
Nxg6+ fxg6 22. b4 axb4 23. Rxb4 Ra8 24. Rdb1 Ra7 25. Nc3 Rha8 26. Bf1 f5 27. Bd3 Kd7 28. Kf1 Bg7 29. Ke2 Bf6 30. R4b3 Bd8 31. Bc2 Ba5 32. Nd1 Bc7 33. Nc3 Ba5 34. Nd1 Bd8 35. Nc3 Bc7 36.
Bd3 Ba5 37. Nd1 Bd8 38. Nc3 Bc7 39. R3b2 Ba5 40. Nd1 Bd8 41. Nc3 Ba5 42. Nd1 Bc7 43. Nc3 Ba5 1/2-1/2

[Event "*** Titled Tuesday Blitz"]
[Site "Chess.com"]
[Date "2020.11.03"]
[Round "8"]
[White "DenisQ"]
[Black "TokChess"]
[Result "1-0"]
[WhiteElo "2652"]
[BlackElo "2458"]
[TimeControl "180+1"]
[EndTime "11:30:17 PST"]
[Termination "DenisQ won by resignation"]

1. Nf3 Nf6 2. c4 g6 3. b4 Bg7 4. Bb2 O-O 5. g3 d5 6. cxd5 Nxd5 7. Bxg7 Kxg7 8. Qb3 Be6 9. Bg2 Nb6 10. Qb2+ f6 11.
O-O a5 12. b5 a4 13. Na3 Qd6 14.
Rfc1 N8d7 15. d3 Rfc8 16. Rc2 Kg8 17. Rac1 c5 18. bxc6 Rxc6 19. Rxc6 bxc6 20. Nd2 Rc8 21. Nac4 Nxc4 22. Nxc4 Qb8 23. Qa3 c5 24. Qxa4 Qb4 25.
Qa6 Nf8 26. Bd5 Bxd5 27. Qxc8 Qa4 28. Qxc5 1-0

[Event "*** Titled Tuesday Blitz"]
[Site "Chess.com"]
[Date "2020.11.03"]
[Round "8"]
[White "Sergey85Rodchenkov"]
[Black "chessmadara"]
[Result "1-0"]
[WhiteElo "2439"]
[BlackElo "2216"]
[TimeControl "180+1"]
[EndTime "11:30:19 PST"]
[Termination "Sergey85Rodchenkov won by resignation"]

1. e4 c5 2. Nf3 Nc6 3. d4 cxd4 4. Nxd4 g6 5. Nc3 Bg7 6. Nb3 Nf6 7. Be2 O-O 8. O-O d6 9. Re1 Be6 10. Bg5 Qc8 11.
Qd2 Rd8 12. Rad1 d5 13. exd5 Nxd5 14. Nxd5 Rxd5 15. Qe3 Rxd1 16. Rxd1 Bxb2 17. c3 Ba3 18. Bf3 Bd6 19. h4 Ne5 20. Bd5 Bxd5 21. Rxd5 Nc4 22. Qd4 Nb6 23. Rxd6 exd6 24. Bh6 f6 25. Qxf6 Qd7 26.
Nd4 Nd5 27. Qf3 Qf7 28. Qd3 Rc8 29. c4 Nf4 30. Qe4 Nh5 31. Nf3 Nf6 32. Qd4 Rxc4 33. Qxd6 Rc1+ 34. Bxc1 1-0

[Event "*** Titled Tuesday Blitz"]
[Site "Chess.com"]
[Date "2020.11.03"]
[Round "8"]
[White "gilbert_gm"]
[Black "MasterKroket"]
[Result "0-1"]
[WhiteElo "2553"]
[BlackElo "2432"]
[TimeControl "180+1"]
[EndTime "11:30:21 PST"]
[Termination "MasterKroket won by resignation"]

1. e4 c5 2. Nf3 e6 3. d4 cxd4 4.
Nxd4 Nc6 5. Nc3 Qc7 6. g3 a6 7.
Bg2 Nf6 8. O-O Nxd4 9. Qxd4 Bc5 10. Bf4 d6 11. Qd3 Nd7 12. Rad1 Ne5 13. Qe2 b5 14. h4 Bb7 15. h5 h6 16. Nb1 b4 17. Nd2 a5 18. Bxe5 dxe5 19. Qg4 O-O 20. Bf3 Bd4 21. b3 Ba6 22. Be2 Bxe2 23. Qxe2 Qxc2 24. Qb5 Rfb8 25. Qa4 Bc3 26. Nc4 Qxe4 27. Rd7 Bd4 28. Rxf7 Qg4 29. Qd7 Qxg3+ 30. Kh1 Qh3+ 31. Kg1 Qg4+ 32. Kh2 Qxh5+ 0-1

[Event "*** Titled Tuesday Blitz"]
[Site "Chess.com"]
[Date "2020.11.03"]
[Round "8"]
[White "sopo-tereladze"]
[Black "PIwan"]
[Result "0-1"]
[WhiteElo "2323"]
[BlackElo "2535"]
[TimeControl "180+1"]
[EndTime "11:30:30 PST"]
[Termination "PIwan won by resignation"]

1. d4 d5 2. Nf3 Nf6 3. Bf4 e6 4. e3 Bd6 5. Bd3 c5 6. c3 Qc7 7.
Bxd6 Qxd6 8. O-O Nc6 9. Nbd2 O-O 10. dxc5 Qxc5 11. e4 e5 12. Qc2 Bg4 13. Rae1 Rad8 14. h3 Bxf3 15. Nxf3 dxe4 16. Bxe4 Nxe4 17. Qxe4 f5 18.
Qh4 h6 19. Re2 e4 20. Nh2 Ne5 21. Qh5 Nd3 22. g4 Nf4 0-1

[Event "*** Titled Tuesday Blitz"]
[Site "Chess.com"]
[Date "2020.11.03"]
[Round "8"]
[White "jacky72"]
[Black "BJthechessgod"]
[Result "1-0"]
[WhiteElo "2532"]
[BlackElo "2313"]
[TimeControl "180+1"]
[EndTime "11:30:32 PST"]
[Termination "jacky72 won on time"]

1. e4 c5 2. Nc3 Nc6 3. g3 g6 4. Bg2 Bg7 5. f4 d6 6. d3 Nf6 7. Nf3 O-O 8. O-O Bg4 9. Be3 Nd7 10. h3 Bxf3 11. Qxf3 Nd4 12. Qf2 b5 13. Nd1 Rc8 14. c3 Nc6 15. h4 h5 16. Bh3 Rc7 17. g4 hxg4 18. Bxg4 Nf6 19. Bf3 Qd7 20. Qg3 Kh7 21. Kf2 Rh8 22. h5 gxh5 23. Rg1 Ng4+ 24. Ke2 Bf6 25.
Nf2 Nxe3 26. Bxh5 Nd4+ 27. Kxe3 Nc2+ 28. Kf3 Nxa1 29. Bxf7 Bg5 30. Qxg5 Qh3+ 31. Nxh3 1-0

[Event "*** Titled Tuesday Blitz"]
[Site "Chess.com"]
[Date "2020.11.03"]
[Round "8"]
[White "lelajavakhishvili"]
[Black "MaxLeto"]
[Result "1-0"]
[WhiteElo "2522"]
[BlackElo "2350"]
[TimeControl "180+1"]
[EndTime "11:30:33 PST"]
[Termination "lelajavakhishvili won by resignation"]

1. d4 Nf6 2. c4 g6 3. Nf3 Bg7 4. g3 d6 5. Bg2 O-O 6. O-O Nbd7 7. Nc3 c6 8. e4 e5 9. Re1 Qe7 10. h3 Rd8 11. b3 Nf8 12. Ba3 Qc7 13. d5 a6 14. Rc1 c5 15. Nd2 b5 16. b4 cxb4 17. Bxb4 bxc4 18. Na4 a5 19. Rxc4 Qa7 20. Ba3 Ba6 21.
Rc1 Ne8 22. Nc4 Bxc4 23. Rxc4 Nd7 24. Qc2 Nb6 25. Nxb6 Qxb6 26. Rc6 Qb5 27. Bf1 Qb7 28.
Rb1 Qa7 29. Bc1 Rab8 30. Be3 Rxb1 31. Bxa7 1-0

[Event "*** Titled Tuesday Blitz"]
[Site "Chess.com"]
[Date "2020.11.03"]
[Round "8"]
[White "TigrVShlyape"]
[Black "JoachimMouhamad"]
[Result "1-0"]
[WhiteElo "2873"]
[BlackElo "2403"]
[TimeControl "180+1"]
[EndTime "11:30:35 PST"]
[Termination "TigrVShlyape won by resignation"]

1. d4 Nf6 2. Nf3 g6 3. c3 Bg7 4. Bg5 c5 5. e3 Qb6 6. Qb3 O-O 7. Nbd2 Nc6 8. Nc4 Qxb3 9. axb3 cxd4 10. exd4 Ne4 11.
Bf4 d6 12. Be2 Be6 13. O-O Rac8 14. Rfe1 Nf6 15. Nfd2 Nd5 16. Bg3 a6 17. b4 Ndxb4 18. cxb4 Nxd4 19. Bd3 Rc7 20. Ne3 Rfc8 21. h3 h5 22. Be4 f5 23. Bd5 Bxd5 24. Nxd5 Nc2 25. Nxc7 Nxa1 26. Nd5 Rc2 27. Nxe7+ Kf7 28. Nf3 Bxb2 29.
Ng5+ Kf6 30. Nd5+ Kxg5 31. Bf4+ Kh4 32. Kh2 Rxf2 33. Bg3+ 1-0

[Event "*** Titled Tuesday Blitz"]
[Site "Chess.com"]
[Date "2020.11.03"]
[Round "8"]
[White "Anna_ChessMate"]
[Black "Kaua18"]
[Result "1-0"]
[WhiteElo "2540"]
[BlackElo "2335"]
[TimeControl "180+1"]
[EndTime "11:30:35 PST"]
[Termination "Anna_ChessMate won by resignation"]

1. d4 Nf6 2. c4 e6 3. Nf3 b6 4. g3 Bb7 5. Bg2 Bb4+ 6. Bd2 c5 7.
O-O O-O 8. Bxb4 cxb4 9. a3 bxa3 10.
Nxa3 d6 11. Nb5 a6 12. Nc3 Qe7 13. Qd3 Nbd7 14. e4 Rac8 15. Rfe1 Rfe8 16. Rad1 e5 17. b3 exd4 18. Nxd4 Nc5 19. Qb1 Ng4 20. h3 Ne5 21.
Nf5 Qf8 22. Nxd6 h5 23. Nxc8 Rxc8 24. Nd5 Bxd5 25. Rxd5 f6 26. f4 Nc6 27. e5 Nb4 28.
Rd6 fxe5 29. fxe5 Re8 30. Qg6 Qf7 31. Qxf7+ Kxf7 32. Rxb6 Nbd3 33. Rf1+ Kg8 34. e6 a5 35. Bd5 Kh7 36. Rf7 Ne5 37. Rf5 Ng6 38. Rxh5+ Kg8 39.
e7+ 1-0

[Event "*** Titled Tuesday Blitz"]
[Site "Chess.com"]
[Date "2020.11.03"]
[Round "8"]
[White "Das_Virus_2020"]
[Black "kidagent"]
[Result "1-0"]
[WhiteElo "2415"]
[BlackElo "2291"]
[TimeControl "180+1"]
[EndTime "11:30:35 PST"]
[Termination "Das_Virus_2020 won by resignation"]

1. e4 c5 2. Nc3 Nc6 3. f4 g6 4. Nf3 Bg7 5. Bc4 e6 6. f5 Nge7 7. fxe6 dxe6 8. d3 a6 9. Bb3 b5 10. O-O O-O 11. Qe1 Bb7 12. Bg5 Rc8 13. Qh4 Qd7 14.
Kh1 Rce8 15. Bf6 Nc8 16. Rf2 Bxf6 17. Qxf6 Qd8 18. Qxd8 Rxd8 19. Raf1 Kg7 20. Ng5 Nd6 21. Bxe6 h6 22. Nxf7 Rde8 23. Nxd6 1-0

[Event "*** Titled Tuesday Blitz"]
[Site "Chess.com"]
[Date "2020.11.03"]
[Round "8"]
[White "dretch"]
[Black "Bigfish1995"]
[Result "1-0"]
[WhiteElo "2842"]
[BlackElo "2994"]
[TimeControl "180+1"]
[EndTime "11:30:36 PST"]
[Termination "dretch won on time"]

1. d4 f5 2. g3 Nf6 3. Bg2 e6 4. Nd2 d5 5. Nh3 Bd6 6. c4 O-O 7. O-O c6 8. Nf3 dxc4 9. Qc2 b5 10. Ne5 Nd5 11. e4 Nb4 12. Qc3 a5 13. a3 Bxe5 14. dxe5 Nd3 15. Nf4 Nxf4 16. Bxf4 Qe8 17. Rfd1 Ba6 18.
Rd6 Ra7 19. Qxa5 Nd7 20. exf5 Nc5 21. Qb6 1-0

[Event "*** Titled Tuesday Blitz"]
[Site "Chess.com"]
[Date "2020.11.03"]
[Round "8"]
[White "ChronicUnhappiness"]
[Black "vladgoncharov"]
[Result "1-0"]
[WhiteElo "2363"]
[BlackElo "2457"]
[TimeControl "180+1"]
[EndTime "11:30:36 PST"]
[Termination "ChronicUnhappiness won by resignation"]

1. c4 Nf6 2. Nc3 c5 3. Nf3 Nc6 4. e3 g6 5. d4 cxd4 6. exd4 d5 7. cxd5 Nxd5 8. Bc4 e6 9. Bxd5 exd5 10. Bg5 Be7 11.
Bh6 Be6 12. O-O Bf8 13. Qd2 Bxh6 14. Qxh6 Qf6 15. Rfe1 O-O-O 16. Rac1 Kb8 17. Qd2 Rhe8 18. Ne5 Nxe5 19. dxe5 Qh4 20. Nb5 d4 21. Qa5 a6 22.
Qc7+ Ka8 23. Nd6 Rd7 24. Qb6 Rb8 25. Nc8 1-0

[Event "*** Titled Tuesday Blitz"]
[Site "Chess.com"]
[Date "2020.11.03"]
[Round "8"]
[White "ural58"]
[Black "HouseOfDurin"]
[Result "1-0"]
[WhiteElo "2359"]
[BlackElo "2188"]
[TimeControl "180+1"]
[EndTime "11:30:37 PST"]
[Termination "ural58 won on time"]

1. e4 c5 2. b3 Nc6 3. Bb2 e5 4. f4 d6 5. Qf3 g6 6. Bb5 Bg7 7. fxe5 dxe5 8. Bxc6+ bxc6 9. d3 Ne7 10. Nd2 h5 11. h3 a5 12. a4 O-O 13. Qe3 f5 14.
Qxc5 fxe4 15. Nxe4 Qc7 16. Nf3 Nd5 17. O-O-O Bh6+ 18. Kb1 Be3 19. Bxe5 Bxc5 20. Bxc7 Ne3 21. Nxc5 Nxd1 22.
Rxd1 Bf5 23. Be5 Rfe8 24. d4 Ra7 25. Kb2 Kf7 26. Ng5+ Kg8 27. Rh1 Raa8 28. g4 Bc8 29. gxh5 gxh5 30. Rg1 Kf8 31. Nh7+ 1-0

[Event "*** Titled Tuesday Blitz"]
[Site "Chess.com"]
[Date "2020.11.03"]
[Round "8"]
[White "kingofthenil"]
[Black "chessdjw"]
[Result "0-1"]
[WhiteElo "2485"]
[BlackElo "2669"]
[TimeControl "180+1"]
[EndTime "11:30:40 PST"]
[Termination "chessdjw won by resignation"]

1. e4 c5 2. d3 Nc6 3. g3 d5 4.
exd5 Qxd5 5. Nf3 Bg4 6. Bg2 Qe6+ 7. Kf1 Nf6 8. h3 Bh5 9. Nc3 Qd7 10. Bf4 e6 11. g4 Bg6 12. Ne5 Nxe5 13. Bxe5 Be7 14.
Qf3 O-O-O 15. a4 a6 16. Nb5 axb5 17. axb5 Qxb5 18. Ra8+ Kd7 19. Ra7 Be4 20. Qxe4 Nxe4 21. Bxe4 Rb8 22. Kg2 Bd6 23. Bxg7 Rhg8 24. Bf6 h5 25. g5 Be7 26. Bxe7 Kxe7 27. h4 Qxb2 28. c4 f6 29. Re1 fxg5 30. Bd5 gxh4+ 31. Kf1 Rg6 32.
Raa1 Rf8 0-1

[Event "*** Titled Tuesday Blitz"]
[Site "Chess.com"]
[Date "2020.11.03"]
[Round "8"]
[White "Mikhal867"]
[Black "UCantHandleDenker"]
[Result "0-1"]
[WhiteElo "2348"]
[BlackElo "2493"]
[TimeControl "180+1"]
[EndTime "11:30:40 PST"]
[Termination "UCantHandleDenker won by resignation"]

1. c4 Nf6 2. Nc3 g6 3. e4 d6 4. d4 Bg7 5. f3 O-O 6. Be3 c5 7. Nge2 Nc6 8. Qd2 b6 9. d5 Ne5 10. Nf4 g5 11. Nd3 Nxc4 12. Qc1 Nxe3 13. Qxe3 h6 14. h4 g4 15. Be2 e6 16. dxe6 Bxe6 17. Nf4 g3 18. Nxe6 fxe6 19. Rh3 Nh5 20. f4 Nxf4 21. Rxg3 Qxh4 22. O-O-O Rad8 23. Rg4 Qf6 24. Bc4 Kh8 25. g3 Ng6 26. Rh1 Ne5 27. Rxg7 Kxg7 28. Be2 Qg5 29. Kd2 Rf2 30. Rh5 Nc4+ 31. Kd3 Qxe3+ 32. Kxc4 Rxe2 0-1

[Event "*** Titled Tuesday Blitz"]
[Site "Chess.com"]
[Date "2020.11.03"]
[Round "8"]
[White "kot60"]
[Black "monalize"]
[Result "0-1"]
[WhiteElo "2372"]
[BlackElo "2280"]
[TimeControl "180+1"]
[EndTime "11:30:41 PST"]
[Termination "monalize won by resignation"]

1. e4 c5 2. Nc3 a6 3. a4 Nc6 4. Bc4 e6 5. d3 g6 6. f4 Bg7 7. f5 Nge7 8. fxe6 dxe6 9. Nge2 O-O 10. O-O Ne5 11. Ba2 N7c6 12. Qe1 Rb8 13. Be3 Nd4 14.
Rc1 b5 15. axb5 axb5 16. Bxd4 cxd4 17. Nd1 Ng4 18. Qg3 e5 19. h3 Nh6 20. Bb3 Kh8 21. Nf2 f5 22. exf5 gxf5 23. Kh1 Rb6 24. Qh2 Bb7 25.
Rg1 Qg5 26. Rcd1 Rg6 27. Rge1 Bxg2+ 0-1

[Event "*** Titled Tuesday Blitz"]
[Site "Chess.com"]
[Date "2020.11.03"]
[Round "8"]
[White "DraG0s3L"]
[Black "Sharpchess22"]
[Result "0-1"]
[WhiteElo "2593"]
[BlackElo "2822"]
[TimeControl "180+1"]
[EndTime "11:30:43 PST"]
[Termination "Sharpchess22 won by checkmate"]

1. Nf3 Nf6 2. d4 g6 3. c4 Bg7 4. Nc3 d6 5. e4 O-O 6. Be2 e5 7. Be3 Nc6 8. d5 Ne7 9. O-O Ng4 10. Bd2 f5 11. exf5 gxf5 12. Ne1 Nf6 13. f4 Ng6 14. fxe5 dxe5 15. Qc1 Kh8 16. Bh6 Rg8 17. Nd3 e4 18. Bxg7+ Rxg7 19. Nf4 Qd6 20. Kh1 Bd7 21.
b4 Qxb4 22. Rb1 Qc5 23. Rxb7 Rag8 24. g3 Ne5 25. Nb5 c6 26. dxc6 Qxc6 27. Rxa7 e3+ 28.
Kg1 Ne4 29. Ng2 Nxg3 30. hxg3 Rxg3 31. Qc3 Qxg2# 0-1

[Event "*** Titled Tuesday Blitz"]
[Site "Chess.com"]
[Date "2020.11.03"]
[Round "8"]
[White "VladimirBugayev"]
[Black "WiktoriaPOL"]
[Result "0-1"]
[WhiteElo "2290"]
[BlackElo "2106"]
[TimeControl "180+1"]
[EndTime "11:30:45 PST"]
[Termination "WiktoriaPOL won by resignation"]

1. e4 c5 2. Nc3 g6 3. d4 cxd4 4. Qxd4 Nf6 5. Nf3 Nc6 6. Qa4 d6 7. e5 dxe5 8. Nxe5 Bg7 9. Bb5 O-O 10. Nxc6 bxc6 11. Bxc6 Rb8 12. O-O Qb6 13. Bf3 Bf5 14. h3 Rfd8 15. Rd1 Rxd1+ 16. Nxd1 Qc7 17. c3 Bd7 18.
Qf4 Qxf4 19. Bxf4 Rb6 20. Be3 Ra6 21. Bd4 Be6 22. a4 Bb3 23. Ne3 Nd7 24. Bxg7 Kxg7 25. a5 Nc5 26. Be2 Rd6 27. Bc4 Rd2 28. Ra3 Rxb2 29. Bxb3 Rxb3 30. Rxb3 Nxb3 31. Nd5 e6 32. a6 exd5 33. Kf1 Nc5 34. Ke2 Nxa6 35. Ke3 Nc7 36. Kd4 Kf6 37. Kc5 Ke6 38. Kc6 Ne8 39. Kb5 Nd6+ 40. Ka6 Ne4 41. Kxa7 Nxc3 42. Kb6 d4 43.
Kc5 d3 44. Kc4 d2 0-1

[Event "*** Titled Tuesday Blitz"]
[Site "Chess.com"]
[Date "2020.11.03"]
[Round "8"]
[White "Iskusnyh"]
[Black "Skat2704"]
[Result "1-0"]
[WhiteElo "2570"]
[BlackElo "2429"]
[TimeControl "180+1"]
[EndTime "11:30:46 PST"]
[Termination "Iskusnyh won by resignation"]

1. d4 d5 2. c4 e6 3. Nf3 Nf6 4.
g3 Be7 5. Bg2 O-O 6. O-O b6 7.
cxd5 exd5 8. Nc3 Bb7 9. Qc2 Na6 10. Bg5 c5 11. Rad1 h6 12. Bf4 Nc7 13. Bxc7 Qxc7 14. Nh4 Rfd8 15. Nf5 Bf8 16. e3 a6 17. Rd2 b5 18. dxc5 Qxc5 19. Rc1 Qb6 20. Qd1 d4 21. Nxd4 Bxg2 22. Kxg2 Qb7+ 23. Qf3 Qb6 24. Nce2 Bb4 25. Rdc2 Nd5 26. Nf4 Nxf4+ 27. Qxf4 Bd6 28. Qf3 Bf8 29. Rc7 Qg6 30. R1c6 f6 31. Nf5 Qe8 32. Qg4 1-0

[Event "*** Titled Tuesday Blitz"]
[Site "Chess.com"]
[Date "2020.11.03"]
[Round "8"]
[White "MarkoPe"]
[Black "tk22h"]
[Result "1/2-1/2"]
[WhiteElo "2237"]
[BlackElo "2370"]
[TimeControl "180+1"]
[EndTime "11:30:47 PST"]
[Termination "Game drawn by agreement"]

1. c4 e5 2. g3 Nc6 3. Bg2 g6 4. Nc3 Bg7 5. e4 d6 6. Nge2 Nge7 7. d3 O-O 8. O-O Be6 9. Bg5 Qd7 10. Rc1 h6 11. Be3 f5 12. Qd2 Kh7 13. Nd5 Rf7 14.
f3 Raf8 15. b4 b6 16. a4 Nd4 17. Bxd4 exd4 18. Nef4 c5 19. Nxe6 Qxe6 20. a5 Nxd5 21. cxd5 Qd7 22. axb6 axb6 23. Ra1 fxe4 24. fxe4 Rxf1+ 25.
Bxf1 Qf7 26. Bh3 h5 27. Be6 Qe7 28. bxc5 bxc5 29. Rf1 Bh6 30. Qe2 Be3+ 31. Kg2 Rf6 32. Rxf6 Qxf6 33. Qf3 Qxf3+ 34. Kxf3 Kg7 35. Bd7 Kf6 36.
Bb5 1/2-1/2

[Event "*** Titled Tuesday Blitz"]
[Site "Chess.com"]
[Date "2020.11.03"]
[Round "8"]
[White "Igor_Lysyj"]
[Black "ArjunErigaisi2003"]
[Result "1-0"]
[WhiteElo "2847"]
[BlackElo "2973"]
[TimeControl "180+1"]
[EndTime "11:30:48 PST"]
[Termination "Igor_Lysyj won by resignation"]

1. d4 Nf6 2. c4 g6 3. Nc3 d5 4. cxd5 Nxd5 5. e4 Nxc3 6. bxc3 Bg7 7. Bg5 c5 8. Rc1 O-O 9. Nf3 cxd4 10. cxd4 Bg4 11.
d5 f5 12. Qb3 Kh8 13. Qxb7 fxe4 14. Nd2 Nd7 15. d6 Bd4 16. Nxe4 Rxf2 17. Qb4 Bb6 18.
dxe7 Qg8 19. Qc3+ Qg7 20. Qxg7+ Kxg7 21. Nxf2 Ba5+ 22. Bd2 1-0

[Event "*** Titled Tuesday Blitz"]
[Site "Chess.com"]
[Date "2020.11.03"]
[Round "8"]
[White "chito89"]
[Black "KaterinaMiroshnik"]
[Result "1-0"]
[WhiteElo "2789"]
[BlackElo "2545"]
[TimeControl "180+1"]
[EndTime "11:30:48 PST"]
[Termination "chito89 won by resignation"]

1. e4 f6 2. d4 e6 3. Nf3 g6 4. Bd3 Bg7 5. h4 h5 6. e5 f5 7. Bg5 Ne7 8. Nc3 d5 9. Ne2 Kf7 10. Nf4 Qe8 11. Bxe7 Kxe7 12. c4 Bh6 13. g3 Bxf4 14.
gxf4 Kf7 15. Rg1 c6 16. Qb3 Nd7 17. Ng5+ Kg7 18. cxd5 cxd5 19. Rc1 Nf8 20. Rc7+ Bd7 21. Qxb7 Rb8 22. Qxa7 Rxb2 23. Rg3 Rg8 24. a4 Kh8 25.
Bb5 Rb1+ 26. Kd2 Qe7 27. Qc5 Rg7 28. Bxd7 Qxc5 29. dxc5 Rxd7 30. Rc8 Kg7 31. c6 Ra7 32. c7 Rxa4 33. Rxf8 Ra2+ 34. Kc3 Rc1+ 35. Kb3 Kxf8 36. Kxa2 1-0

[Event "*** Titled Tuesday Blitz"]
[Site "Chess.com"]
[Date "2020.11.03"]
[Round "8"]
[White "queen_iryna"]
[Black "Qvalda"]
[Result "1-0"]
[WhiteElo "2286"]
[BlackElo "2387"]
[TimeControl "180+1"]
[EndTime "11:30:48 PST"]
[Termination "queen_iryna won by checkmate"]

1. e4 e6 2. d4 d5 3. Nc3 h6 4. Nf3 Nf6 5. e5 Ne4 6. Bd3 Bb4 7. O-O Nxc3 8. bxc3 Bxc3 9. Rb1 c5 10.
Ba3 cxd4 11. Bb5+ Bd7 12. Nxd4 a6 13. Bxd7+ Qxd7 14. Bd6 Nc6 15. Nxc6 Qxc6 16. Qg4 g6 17. Qf3 Rh7 18. Rb3 Ba5 19. Rfb1 b5 20. a4 bxa4 21.
Rb8+ Rxb8 22. Rxb8+ Kd7 23. Qf6 Qc4 24. Qe7+ Kc6 25.
Qe8# 1-0

[Event "*** Titled Tuesday Blitz"]
[Site "Chess.com"]
[Date "2020.11.03"]
[Round "8"]
[White "Korchmar_Vasiliy"]
[Black "MPGM"]
[Result "1-0"]
[WhiteElo "2626"]
[BlackElo "2452"]
[TimeControl "180+1"]
[EndTime "11:30:51 PST"]
[Termination "Korchmar_Vasiliy won by resignation"]

1. e4 c6 2. Nf3 d5 3. Nc3 Bg4 4.
h3 Bh5 5. d4 e6 6. exd5 cxd5 7.
Bb5+ Nc6 8. g4 Bg6 9. Ne5 Rc8 10. h4 f6 11. Nxg6 hxg6 12. Qd3 Kf7 13. Bxc6 Rxc6 14. h5 gxh5 15. gxh5 Ne7 16. Bd2 Nf5 17. O-O-O Bb4 18.
Kb1 Rc4 19. Ne2 Bxd2 20. Rxd2 Qb6 21. c3 Rcc8 22. Nf4 Qd6 23. Qf3 Rh6 24. Re1 Re8 25.
Rde2 Qd7 26. Nxe6 Kg8 27. Qxf5 1-0

[Event "*** Titled Tuesday Blitz"]
[Site "Chess.com"]
[Date "2020.11.03"]
[Round "8"]
[White "Smirnov_Pavel"]
[Black "Hikaru"]
[Result "0-1"]
[WhiteElo "2846"]
[BlackElo "3215"]
[TimeControl "180+1"]
[EndTime "11:30:55 PST"]
[Termination "Hikaru won by resignation"]

1. d4 g6 2. e4 Bg7 3. Nc3 a6 4. f4 c6 5. Nf3 d5 6. e5 Bg4 7. h3 Bxf3 8. Qxf3 e6 9. Bd3 h5 10. O-O h4 11. Be3 Ne7 12. Ne2 Nf5 13. Bf2 Nd7 14.
b3 Bf8 15. c4 Ba3 16. Rfd1 a5 17. Rab1 Bb4 18. Kh2 Qe7 19. c5 b6 20. cxb6 Rb8 21. Rbc1 Rxb6 22. Rc2 O-O 23. Rdc1 Ba3 24. Rd1 Kg7 25. Qg4 Rh8 26. Ng1 Qd8 27. Qe2 Be7 28.
Nf3 Qa8 29. Bxf5 gxf5 30. Rg1 Nf8 31. Ne1 a4 32. bxa4 Qxa4 33. Nd3 Ng6 34. Rgc1 Rhb8 35.
Qe3 Rb1 36. Rxc6 Rxc1 37. Rxc1 Qxa2 38. Kg1 Rb3 39. Rd1 Qa4 40. Qd2 Qb5 41. Qc2 Ra3 42. Qd2 Qc4 43. Kh2 Ra2 44. Qe3 Qc2 45. Re1 Ra3 0-1

[Event "*** Titled Tuesday Blitz"]
[Site "Chess.com"]
[Date "2020.11.03"]
[Round "8"]
[White "Omk124"]
[Black "Sofiia_Hryzlova"]
[Result "0-1"]
[WhiteElo "2412"]
[BlackElo "2317"]
[TimeControl "180+1"]
[EndTime "11:30:56 PST"]
[Termination "Sofiia_Hryzlova won by resignation"]

1. e4 c5 2. Nf3 Nc6 3. d4 cxd4 4. Nxd4 Nf6 5. Nc3 d6 6. g3 Bg4 7. f3 Bd7 8. Bg2 h5 9. Be3 h4 10. O-O e5 11. Nxc6 bxc6 12. g4 h3 13. Bh1 Be6 14.
Qd2 Be7 15. Rad1 Qb8 16. b3 a5 17. a4 d5 18. exd5 Nxd5 19. Nxd5 cxd5 20. Rfe1 d4 21. Bf2 g5 22. Qe2 f6 23. Bxd4 Kf7 24. Bf2 Qc7 25. c4 Rab8 26. Rd3 Rb4 27. Red1 Rhb8 28. Qe3 Qc8 29. f4 Bxg4 30. fxe5 Bxd1 31. Bd5+ Kg7 32. Rxd1 Qg4+ 33. Bg3 Qxd1+ 34. Kf2 Qc2+ 35. Kg1 Rxb3 36. exf6+ Bxf6 37. Qe6 Rb1+ 38. Be1 Rxe1+ 39. Qxe1 0-1

[Event "*** Titled Tuesday Blitz"]
[Site "Chess.com"]
[Date "2020.11.03"]
[Round "8"]
[White "DonBroca"]
[Black "UmarovSabir"]
[Result "1-0"]
[WhiteElo "2111"]
[BlackElo "2302"]
[TimeControl "180+1"]
[EndTime "11:30:57 PST"]
[Termination "DonBroca won on time"]

1. e4 g6 2. c4 Bg7 3. d4 c6 4. Nc3 d6 5. Nf3 Bg4 6. Be3 Qb6 7. Qd2 Bxf3 8. gxf3 Nd7 9. h4 h5 10. Bd3 Bxd4 11.
O-O-O Bxe3 12. fxe3 Ne5 13. f4 Ng4 14. Rhe1 N8f6 15. Kb1 O-O-O 16. Rc1 e5 17. f5 gxf5 18. exf5 Kb8 19. Na4 Qc7 20. c5 d5 21. Qb4 e4 22. Bf1 Ne5 23. Rc3 Rhg8 24. Ra3 Rg1 25.
Nb6 Qe7 26. Qa5 a6 27. Bxa6 Rxe1+ 28. Qxe1 bxa6 29. Rxa6 Qb7 30. Qa5 1-0